 Dungeon Crawl Stone Soup version 0.31-a0-963-ga325b2283a (webtiles) character file.

Game seed: 14473056514981949633

124 magipi the Slasher (level 5, 39/39 (43) HPs)
             Began as a Gnoll Reaver on Feb 22, 2023.
             Got out of the dungeon alive.
             The game lasted 00:08:43 (2332 turns).

magipi the Slasher (Gnoll Reaver)                   Turns: 2332, Time: 00:08:43

HP:   39/39 (43)    AC:  3    Str: 11    XL:     5   Next: 8%
MP:   12/12         EV: 12    Int: 14    God:
Gold: 79            SH:  0    Dex: 11    Spells: 8/14 levels left

rFire   + . .        a - +0 long sword
rCold   . . .        (no shield)
rNeg    . . .        b - +0 leather armour
rPois   .            (no helmet)
rElec   .            (no cloak)
rCorr   .            (no gloves)
SInv    .            (no boots)
Will    .....        (no amulet)
Stlth   +            f - ring of protection from fire
HPRegen 0.26/turn    (no ring)
MPRegen 0.13/turn

%: no passive effects
@: drained
A: fangs 1, strong nose, distributed training
a: no special abilities


You escaped.
You visited 1 branch of the dungeon, and saw 4 of its levels.

You collected 79 gold pieces.

Inventory:

Hand Weapons
 a - a +0 long sword (weapon)
   (You found it on level 1 of the Dungeon)
Missiles
 l - 12 poisoned darts
 s - 3 javelins
Armour
 b - a +0 leather armour (worn)
Jewellery
 f - a ring of protection from fire (left hand)
   (You found it on level 4 of the Dungeon)
Scrolls
 d - 2 scrolls of teleportation {unknown}
 e - a scroll of revelation {unknown}
 j - a scroll of torment {unknown}
 k - a scroll of fog {unknown}
 o - a scroll of noise {unknown}
 q - 2 scrolls of amnesia {unknown}
 r - a scroll of vulnerability {unknown}
 t - 2 scrolls of identify {unknown}
 u - a scroll of poison {unknown}
 v - a scroll of enchant weapon {unknown}
Potions
 c - 2 potions of brilliance {unknown}
 g - a potion of attraction {unknown}
 h - a potion of mutation {unknown}
 i - 2 potions of lignification {unknown}
 m - 2 potions of cancellation {unknown}
 n - 2 potions of might {unknown}
 p - a potion of heal wounds {unknown}


   Skills:
 + Level 4.7 Fighting
 + Level 1.4 Short Blades
 + Level 6.6 Long Blades
 + Level 1.4 Axes
 + Level 1.4 Maces & Flails
 + Level 1.4 Polearms
 + Level 1.4 Staves
 + Level 1.4 Ranged Weapons
 + Level 1.4 Throwing
 + Level 1.4 Armour
 + Level 4.7 Dodging
 + Level 1.4 Stealth
 + Level 1.4 Shields
 + Level 1.4 Unarmed Combat
 + Level 5.1 Spellcasting
 + Level 5.5 Conjurations
 + Level 1.1 Hexes
 + Level 1.1 Summonings
 + Level 1.1 Necromancy
 + Level 1.1 Translocations
 + Level 1.1 Transmutations
 + Level 1.1 Fire Magic
 + Level 1.1 Ice Magic
 + Level 1.1 Air Magic
 + Level 1.1 Earth Magic
 + Level 1.1 Poison Magic
 + Level 1.5 Invocations
 + Level 1.4 Evocations
 + Level 1.2 Shapeshifting


You had 8 spell levels left.
You knew the following spells:

 Your Spells              Type           Power      Damage    Failure   Level
a - Kiss of Death         Conj/Necr      48%        2d9       6%          1
b - Momentum Strike       Conj/Tloc      24%        3d8       9%          2
f - Frozen Ramparts       Ice            12%        1d2       38%         3

Your spell library contained the following spells:

 Spells                   Type           Power      Damage    Failure   Level
 Apportation              Tloc           12%        N/A       14%         1
 Necrotise                Necr           24%        1d5       14%         1
 Summon Small Mammal      Summ           24%        N/A       14%         1
 Hailstorm                Conj/Ice       12%        3d5       17%         3
 Summon Ice Beast         Ice/Summ       6%         N/A       80%         4


Dungeon Overview and Level Annotations

Branches:
Dungeon (4/15)
 Temple: D:4-7

Altars:
Sif Muna

Annotations:
D:4 Duvessa


Innate Abilities, Weirdness & Mutations

You have very sharp teeth.
Your uncanny sense of smell can sniff out nearby items.
Your experience applies equally to all skills.


Message History

You barely miss the goblin.
The goblin is moderately wounded.
The goblin hits you but does no damage. The goblin hits you with a +0 dagger.
You barely miss the goblin.
The goblin is moderately wounded.
The goblin hits you but does no damage.
You miss the goblin.
The goblin is moderately wounded.
The goblin misses you.
You hit the goblin. You bite the goblin.
The goblin is severely wounded.
The goblin hits you but does no damage. The goblin attacks as you move away!
The goblin hits you with a +0 dagger. The goblin attacks as you move away!
The goblin hits you but does no damage. The goblin attacks as you move away!
The goblin hits you with a +0 dagger. The goblin attacks as you move away!
The goblin closely misses you. The goblin attacks as you move away!
The goblin hits you with a +0 dagger. The goblin attacks as you move away!
The goblin barely misses you.
There is a stone staircase leading up here.
The goblin misses you.
You climb upwards.
There is a stone staircase leading down here.
You hit the goblin.
You kill the goblin!
You have reached level 5!
An adder comes into view.
The adder moves out of view.
You see here a +0 dagger.
The adder hisses angrily.
You barely miss the adder. The adder barely misses you.
You slash the adder!
The adder is severely wounded.
The adder misses you. The adder bites you but does no damage.
You closely miss the adder.
The adder is severely wounded.
The adder closely misses you.
You barely miss the adder.
The adder is severely wounded.
The adder bites you but does no damage.
You closely miss the adder.
The adder is severely wounded.
The adder misses you. The adder bites you.
You are poisoned.
The adder poisons you!
You barely miss the adder.
The adder is severely wounded.
You feel sick. The adder completely misses you.
You barely miss the adder.
The adder is severely wounded.
You feel sick. The adder bites you.
You closely miss the adder.
The adder is severely wounded.
You feel sick. The adder bites you but does no damage. The adder misses you.
You slash the adder!
You kill the adder!
You feel sick.
You feel sick.
You feel sick.
You start resting.
You feel sick.
You are no longer poisoned.
You see here a +0 sling.
There is a stone staircase leading down here.
You climb downwards.
Level annotation: Duvessa
Found three items.
There is a stone staircase leading up here.
t - 2 scrolls labelled ADISHR RIKKISO (gained 1)
v - a scroll labelled REAHOR BOTTO
There is a stone staircase leading up here.
There is a stone staircase leading up here.
Save game and exit?
Level annotation: Duvessa Welcome back, magipi the Gnoll Reaver.
Press ? for a list of commands and other information.
Save game and exit?
Level annotation: Duvessa Welcome back, magipi the Gnoll Reaver.
Press ? for a list of commands and other information.
Okay, then.
Unknown command.
Unknown command.
Okay, then.
Okay, then.
There is a stone staircase leading up here.
What level of the Dungeon? (default 1, ? - help)
You see here a jackal corpse.
Things that are here:
5 stones; a +0 dagger; a kobold corpse
There is a stone staircase leading up here.
You climb upwards.
There is a stone staircase leading down here.
You see here a +0 dagger.
There is a stone staircase leading up here.
You climb upwards.
There is a stone staircase leading down here.
There is a stone staircase leading up here.
You climb upwards.
There is a stone staircase leading down here.
There is a staircase leading out of the dungeon here.
You have escaped!

#.÷....####.............###......
.......# #..................#...
.......####..≈≈≈.≈≈≈.........#...
######..##..≈≈.....≈≈............
##....≈≈..8..♣.≈≈...........
###..≈≈.........≈≈..........
#....≈.....♣.....≈..........
#....≈..♣.....8..≈.......###
#....≈≈..8.@....≈≈.........#
######...≈≈..♣....≈≈.......##..
###.####....≈≈...♣.≈≈.........#..
#..#..##..#..≈≈≈≈≈≈≈.........(..#
.#...#........................###
...#...#......#...##..........#
.#...#...#...####.............#
...#...#...#..#####.>........##
.#...#...#...#..............##


There were no monsters in sight!

Vanquished Creatures
  3 adders
  3 gnolls (D:3)
  2 worms
  3 dart slugs (D:2)
  An orc (D:4)
  A bat (D:1)
  2 endoplasms (D:4)
  5 giant cockroaches
  4 goblins
  4 hobgoblins
  5 jackals
  2 quokkas
  7 ball pythons
  A frilled lizard (D:2)
  6 kobolds
  7 rats
56 creatures vanquished.

Notes
Turn   | Place    | Note
-------+----------+-------------------------------------------
     0 | D:1      | magipi the Gnoll Reaver began the quest for the Orb.
     0 | D:1      | Reached XP level 1. HP: 20/20 MP: 6/6
    88 | D:1      | Reached XP level 2. HP: 26/26 MP: 7/7
   441 | D:2      | Learned a level 2 spell: Momentum Strike
   488 | D:2      | Reached skill level 5 in Spellcasting
   488 | D:2      | Reached XP level 3. HP: 29/31 MP: 7/9
   490 | D:2      | Found a faded altar of an unknown god.
   944 | D:2      | Reached skill level 1 in Invocations
   963 | D:2      | Reached skill level 1 in Short Blades
   963 | D:2      | Reached skill level 1 in Axes
   963 | D:2      | Reached skill level 1 in Maces & Flails
   963 | D:2      | Reached skill level 1 in Polearms
   963 | D:2      | Reached skill level 1 in Staves
   963 | D:2      | Reached skill level 1 in Ranged Weapons
   963 | D:2      | Reached skill level 1 in Throwing
   963 | D:2      | Reached skill level 1 in Armour
   963 | D:2      | Reached skill level 1 in Stealth
   963 | D:2      | Reached skill level 1 in Shields
   963 | D:2      | Reached skill level 1 in Unarmed Combat
   963 | D:2      | Reached skill level 1 in Evocations
  1129 | D:3      | Reached XP level 4. HP: 24/35 MP: 11/11
  1237 | D:3      | Reached skill level 1 in Hexes
  1237 | D:3      | Reached skill level 1 in Summonings
  1237 | D:3      | Reached skill level 1 in Necromancy
  1237 | D:3      | Reached skill level 1 in Translocations
  1237 | D:3      | Reached skill level 1 in Transmutations
  1237 | D:3      | Reached skill level 1 in Fire Magic
  1237 | D:3      | Reached skill level 1 in Ice Magic
  1237 | D:3      | Reached skill level 1 in Air Magic
  1237 | D:3      | Reached skill level 1 in Earth Magic
  1237 | D:3      | Reached skill level 1 in Poison Magic
  1903 | D:3      | Learned a level 3 spell: Frozen Ramparts
  1935 | D:3      | Found a shimmering blue altar of Sif Muna.
  2003 | D:4      | Noticed Duvessa
  2169 | D:3      | Reached XP level 5. HP: 30/38 MP: 12/12
  2245 | D:4      | Upgraded the game from 0.30-a0-782-ge64f9170bb to
                  | 0.31-a0-963-ga325b2283a
  2332 | D:$      | Got out of the dungeon alive.

Illustrated notes

Levels and vault maps discovered:
D:1:      moated_graveyard_arrival, layout_rooms, hex_large
D:2:      layout_loops_cross, hellmonk_ecumenical_altar_heavens_door,
          glass_columns_b
D:3:      layout_loops_ring, led_sif_book
D:4:      layout_basic, minitemple, fedhas_altar_1, minmay_temple_entry_ruins,
          uniq_duvessa

Skill      XL: |  1  2  3  4 |
---------------+-------------+-----
Spellcasting   | 5 |  5.1
Invocations    | 1 |  1.5
Short Blades   | 1 |  1.4
Axes           | 1 |  1.4
Maces & Flails | 1 |  1.4
Polearms       | 1 |  1.4
Staves         | 1 |  1.4
Ranged Weapons | 1 |  1.4
Throwing       | 1 |  1.4
Armour         | 1 |  1.4
Stealth        | 1 |  1.4
Shields        | 1 |  1.4
Unarmed Combat | 1 |  1.4
Evocations     | 1 |  1.4
Hexes          | 1 |  1.1
Summonings     | 1 |  1.1
Necromancy     | 1 |  1.1
Translocations | 1 |  1.1
Transmutations | 1 |  1.1
Fire Magic     | 1 |  1.1
Ice Magic      | 1 |  1.1
Air Magic      | 1 |  1.1
Earth Magic    | 1 |  1.1
Poison Magic   | 1 |  1.1
Fighting       | |  4.7
Long Blades    | |  6.6
Dodging        | |  4.7
Conjurations   | |  5.5
Shapeshifting  | |  1.2

Action                     |  1- 3 |  4- 6 || total
---------------------------+-------+-------++-------
  Melee: Falchion          |    20 |       ||    20
         Bite              |     9 |     6 ||    15
         Long sword        |    80 |    86 ||   166
         Punch             |     2 |       ||     2
   Cast: Kiss of Death     |     1 |     1 ||     2
   Stab: Sleeping          |     1 |       ||     1
 Armour: Leather armour    |    26 |    23 ||    49
  Dodge: Dodged            |    76 |    41 ||   117

Table legend: (Time is in decaauts)
 A = Elapsed time spent in this place.
 B = Non-inter-level travel time spent in this place.
 C = Inter-level travel time spent in this place.
 D = Time resting spent in this place.
 E = Time spent auto-exploring this place.
 F = Levels seen in this place.
 G = Mean time per level.
                   A        B        C        D        E       F      G
               +--------+--------+--------+--------+--------+-----+--------+
         Total |   2344 |   2178 |    166 |    108 |   1047 |   4 |  586.0 |
       Dungeon |   2344 |   2178 |    166 |    108 |   1047 |   4 |  586.0 |
               +--------+--------+--------+--------+--------+-----+--------+

Top non-repeatable levels by time:
     D:3: 965 daAuts
     D:2: 669 daAuts
     D:1: 462 daAuts
     D:4: 247 daAuts

Action                     |  1- 3 |  4- 6 || total
---------------------------+-------+-------++-------
  Melee: Falchion          |    20 |       ||    20
         Bite              |     9 |     6 ||    15
         Long sword        |    80 |    86 ||   166
         Punch             |     2 |       ||     2
   Cast: Kiss of Death     |     1 |     1 ||     2
   Stab: Sleeping          |     1 |       ||     1
 Armour: Leather armour    |    26 |    23 ||    49
  Dodge: Dodged            |    76 |    41 ||   117
